 Dungeon Crawl Stone Soup version 0.26.0-10-g1f06aea511 (webtiles) character file.

Game seed: 17873006071482405514

125 Borgoz the Ducker (level 5, -2/45 HPs)
             Began as a Ghoul Gladiator on Feb 1, 2021.
             Slain by a killer bee (9 damage)
             ... on level 4 of the Dungeon.
             The game lasted 00:02:39 (2406 turns).

Borgoz the Ducker (Ghoul Gladiator)                 Turns: 2406, Time: 00:02:39

Health: -2/45      AC:  6    Str: 18    XL:     5   Next: 9%
Magic:  4/4        EV: 12    Int:  3    God:
Gold:   151        SH:  3    Dex: 11    Spells: 4/4 levels left

rFire    . . .     SeeInvis .   a - +1 long sword
rCold    + . .     Faith    .   e - +0 buckler
rNeg     + + +     Spirit   .   h - +0 leather armour (curse)
rPois    ∞         Reflect  .   c - +0 helmet
rElec    .         Harm     .   k - +0 cloak
rCorr    .         Rampage  .   g - +0 pair of gloves
Will     .....                  (no boots)
Stlth    +.........             (no amulet)
HPRegen  0.00/turn              (no ring)
MPRegen  0.09/turn              (no ring)

@: no status effects
A: claws 1, cold resistance 1, negative energy resistance 3, inhibited
regeneration, torment resistance, unbreathing
a: no special abilities


You were on level 4 of the Dungeon.
You visited 1 branch of the dungeon, and saw 4 of its levels.

You collected 151 gold pieces.

Inventory:

Hand Weapons
 a - a +1 long sword (weapon)
Missiles
 d - 3 throwing nets (quivered)
Armour
 c - a +0 helmet (worn)
 e - a +0 buckler (worn)
 g - a +0 pair of gloves (worn)
 h - a cursed +0 leather armour (worn)
 k - a +0 cloak (worn)
Jewellery
 t - an uncursed ring of protection from cold {unknown}
Scrolls
 f - 4 scrolls of remove curse
 j - 2 scrolls of fog {unknown}
 m - 4 scrolls of teleportation
 o - a scroll of magic mapping
 s - a scroll of noise {unknown}
 u - 2 scrolls of identify
Potions
 b - a potion of heal wounds {unknown}
 l - a potion of might {unknown}
 n - a potion of resistance {unknown}
 p - a potion of degeneration {unknown}
 q - a potion of ambrosia
 r - a potion of mutation {unknown}


   Skills:
 + Level 3.0 Fighting
 + Level 3.3 Long Blades
 - Level 1.7 Throwing
 + Level 1.5 Armour
 + Level 3.4 Dodging
 + Level 1.2 Shields


You had 4 spell levels left.
You didn't know any spells.
Your spell library was empty.

Dungeon Overview and Level Annotations

Branches:
Dungeon (4/15)
 Temple: D:4-7

Altars:
The Shining One


Innate Abilities, Weirdness & Mutations

You thrive by killing the living.
You are immune to poison.
You have sharp fingernails.
Your flesh is cold resistant. (rC+)
You are immune to negative energy. (rN+++)
You do not regenerate when monsters are visible.
You are immune to unholy pain and torment.
You can survive without breathing.


Message History

You slash the killer bee!
You kill the killer bee!
The killer bee barely misses you.
You riposte.
You barely miss the killer bee. The killer bee stings you.
Your Fighting skill increases to level 3!
You have reached level 5!
You feel stronger.
You closely miss the killer bee. The killer bee barely misses you.
You riposte.
Your leather armour prevents you from hitting the killer bee.
The killer bee barely misses you.
You completely miss the killer bee. The killer bee stings you.
The killer bee misses you. The killer bee stings you.
You barely miss the killer bee. The killer bee closely misses you.
The killer bee stings you.
* * * LOW HITPOINT WARNING * * *
You closely miss the killer bee. The killer bee closely misses you.
The killer bee stings you.
* * * LOW HITPOINT WARNING * * *
The killer bee stings you!
You die...

####
#<.##
#..@#
##.y#
###y....#
y......
..8.$..
.......
.....##
#...#+
...#


You could see 3 killer bees.

Vanquished Creatures
  A killer bee (D:4)
  An ooze (D:2)
  2 worms (D:2)
  2 dart slugs
  3 leopard geckos
  2 orcs (D:3)
  4 bats
  5 giant cockroaches
  9 goblins
  6 hobgoblins
  8 jackals
  6 kobolds
  4 frilled lizards
  5 rats
58 creatures vanquished.

Vanquished Creatures (others)
  A leopard gecko (D:3)
1 creature vanquished.

Grand Total: 59 creatures vanquished

Notes
Turn   | Place    | Note
-------+----------+-------------------------------------------
     0 | D:1      | Borgoz the Ghoul Gladiator began the quest for the Orb.
     0 | D:1      | Reached XP level 1. HP: 17/17 MP: 0/0
   234 | D:1      | Reached XP level 2. HP: 24/25 MP: 1/1
   529 | D:1      | Reached XP level 3. HP: 30/30 MP: 2/2
  1022 | D:2      | Reached skill level 1 in Armour
  1154 | D:2      | Reached XP level 4. HP: 37/37 MP: 3/3
  2115 | D:3      | Reached skill level 1 in Shields
  2307 | D:3      | Found a glowing golden altar of the Shining One.
  2403 | D:4      | Reached XP level 5. HP: 23/45 MP: 4/4
  2406 | D:4      | Slain by a killer bee

Illustrated notes

Levels and vault maps discovered:
D:1:      dpeg_arrival_orchard, layout_basic, kennysheep_nondescript
D:2:      layout_basic, kennysheep_generic_room_13
D:3:      layout_loops_corners, marbit_many_paths, lemuel_old_faithful
D:4:      layout_loops_ring, nicolae_overflow_hidden_temple, grunt_ministairs_6,
          uniq_natasha, uniq_ijyb

Skill      XL: |  1  2  3  4 |
---------------+-------------+-----
Dodging        | 3 |  3.4
Long Blades    | 3 |  3.3
Armour         | 1 |  1.5
Shields        | 1 |  1.2
Fighting       | 3 |  3.0
Throwing       | |  1.7

Action                   |  1- 3 |  4- 6 || total
-------------------------+-------+-------++-------
Melee: Long sword        |   100 |    59 ||   159
Throw: Throwing net      |     1 |       ||     1
  Use: Scroll            |     5 |     1 ||     6
       Potion            |       |     3 ||     3
 Stab: Held in net/web   |     1 |       ||     1
Armor: Leather armour    |    44 |    21 ||    65
Dodge: Dodged            |    64 |    49 ||   113
Block: Buckler           |    12 |     9 ||    21
       Rpst.: Long sword |    24 |    14 ||    38
